 Dungeon Crawl Stone Soup version 0.22-a0-322-g60b3cfd (webtiles) character file.

77698 ololoev the Thaumaturge (level 15, -9/98 (99) HPs)
             Began as a Ghoul Earth Elementalist on Apr 5, 2018.
             Was a High Priest of Vehumet.
             Mangled by an ice devil (21 damage)
             ... on level 6 of the Lair of Beasts.
             The game lasted 01:54:33 (21050 turns).

ololoev the Thaumaturge (Ghoul Earth Elementalist) Turns: 21050, Time: 01:54:34

HP:   -9/98 (99)    AC: 10    Str: 14    XL:     15   Next: 57%
MP:   4/29          EV: 11    Int: 15    God:    Vehumet [*****.]
Gold: 313           SH:  4    Dex:  9    Spells: 4/37 levels left

rFire    + + .     SeeInvis .   a - +2 dagger (venom)
rCold    . . .     Gourm    .   v - +0 buckler
rNeg     + + +     Faith    .   T - +3 leather armour {rF+}
rPois    ∞         Spirit   .   G - +1 helmet
rElec    .         Reflect  .   z - +1 cloak
rCorr    .         Harm     .   (no gloves)
MR       ++...                  (no boots)
Stlth    ++........             I - amulet of magic regeneration
HPRegen  0.00/turn              c - ring of fire
MPRegen  0.46/turn              H - ring of protection from magic

@: rotting
A: rotting body, claws 1, carnivore, cold resistance 1, negative energy
resistance 3, inhibited regeneration, torment resistance, unbreathing
a: Renounce Religion


Innate Abilities, Weirdness & Mutations

Your body is rotting away.
You thrive on raw meat.
You are immune to poison.
You have sharp fingernails.
You are carnivorous and can eat meat at any time.
Your flesh is cold resistant. (rC+)
You are immune to negative energy. (rN+++)
You do not regenerate when monsters are visible.
You are immune to unholy pain and torment.
You can survive without breathing.

Inventory:

Hand Weapons
 a - a +2 dagger of venom (weapon)
Missiles
 b - 65 stones (quivered)
 J - a throwing net
Armour
 v - a +0 buckler (worn)
 z - a +1 cloak (worn)
 G - a +1 helmet (worn)
 K - +0 acid dragon scales
 T - a +3 leather armour of fire resistance (worn)
Jewellery
 c - a ring of fire (left claw)
 f - an uncursed ring of protection from fire
 y - an uncursed ring of see invisible
 H - a ring of protection from magic (right claw)
 I - an amulet of magic regeneration (around neck)
Wands
 k - a wand of paralysis (32)
 p - a wand of acid (17)
 w - a wand of polymorph (14)
 D - a wand of flame (55)
 F - a wand of digging (11)
 L - a wand of iceblast (16)
Scrolls
 g - 2 scrolls of fear
 j - 7 scrolls of fog
 l - 4 scrolls of enchant armour
 o - 13 scrolls of remove curse
 t - 10 scrolls of teleportation
 S - a scroll of torment
Potions
 e - a potion of cancellation {unknown}
 i - 2 potions of heal wounds
 m - 3 potions of ambrosia
 n - 8 potions of might
 s - a potion of lignification {unknown}
 u - 5 potions of agility
 x - 3 potions of flight
 A - 5 potions of curing
 C - 3 potions of magic
 M - 2 potions of resistance
 N - 4 potions of haste
 R - 2 potions of brilliance {unknown}
Comestibles
 d - 31 rations


   Skills:
 - Level 6.0 Short Blades
 - Level 1.7 Dodging
 - Level 5.0 Stealth
 - Level 4.0 Shields
 + Level 11.9 Spellcasting
 + Level 9.0 Conjurations
 - Level 3.0 Necromancy
 - Level 2.0 Translocations
 - Level 0.8 Transmutations
 * Level 11.5 Fire Magic
 - Level 2.0 Air Magic
 - Level 10.0 Earth Magic
 - Level 2.0 Poison Magic
 - Level 5.1 Evocations


You had 4 spell levels left.
You knew the following spells:

 Your Spells              Type           Power        Failure   Level  Hunger
a - Sandblast             Erth           #####.       1%          1    None
b - Lee's Rapid Deconstr  Erth           #####.....   1%          5    #####..
c - Mephitic Cloud        Conj/Pois/Air  ###.....     1%          3    None
d - Fireball              Conj/Fire      ######....   1%          5    #####..
e - Animate Skeleton      Necr           N/A          3%          1    None
g - Ignition              Fire           ######....   78%         8    #######
k - Blink                 Tloc           N/A          7%          2    None
s - Iron Shot             Conj/Erth      #####.....   9%          6    ######.
w - Passwall              Tmut/Erth      ####......   1%          2    None


You were on level 6 of the Lair of Beasts.
You worshipped Vehumet.
Vehumet was extremely pleased with you.
You were near starving.

You visited 4 branches of the dungeon, and saw 21 of its levels.
You also visited: Volcano.

You collected 1935 gold pieces.
You spent 1622 gold pieces at shops.

♣ ♣♣...## ####....# ## ♣♣♣
♣♣♣..#### ##.#....###########
..♣♣♣....#..###........#.#..#.#.#
.................................
.................................
...#..P......P#.#####............
P...#..P..#..P##.................
.P...............................
...............4@................
#.#.......##.#..P....#...........
.#####...P########...............
####..#....########.#P...........
.##........#.#.#...#.............
.................................
.................................
.#..#...##..#...P#..<#...........
P#..#......#.#.###....#..#.#.PP#.

Notes
Turn   | Place    | Note
-------+----------+-------------------------------------------
     0 | D:1      | ololoev the Ghoul Earth Elementalist began the quest for the Orb.
     0 | D:1      | Reached XP level 1. HP: 14/14 MP: 2/2
     0 | D:1      | ololoev: !дп ю -дщп
     0 | D:1      | ololoev: !lg - log
     0 | D:1      | beem: No games for - (log).
     0 | D:1      | ololoev: !lg . -log
     0 | D:1      | beem: 3343. ololoev, XL12 GhEE, T:15949: https://crawl.xtahua.com/crawl/morgue/ololoev/morgue-ololoev-20180405-112341.txt
     0 | D:1      | ololoev: !lg . -log
     0 | D:1      | beem: 3344. ololoev, XL4 GhEE, T:3563: https://crawl.xtahua.com/crawl/morgue/ololoev/morgue-ololoev-20180405-114007.txt
   287 | D:1      | Reached XP level 2. HP: 20/20 MP: 4/4
  1001 | D:2      | Reached skill level 1 in Short Blades
  1187 | D:2      | Reached XP level 3. HP: 25/26 MP: 5/5
  1194 | D:2      | Learned a level 2 spell: Passwall
  1599 | D:2      | Reached XP level 4. HP: 23/33 MP: 6/6
  2467 | D:3      | Noticed a big kobold
  2486 | D:3      | Killed a big kobold
  2486 | D:3      | Reached XP level 5. HP: 38/38 MP: 6/8
  2493 | D:3      | Learned a level 5 spell: Lee's Rapid Deconstruction
  2834 | D:4      | You fall through a shaft for 2 floors!
  2866 | D:6      | Found a stormy altar of Qazlal.
  3121 | D:6      | Reached XP level 6. HP: 38/45 MP: 1/9
  3167 | D:6      | Noticed Edmund
  3173 | D:6      | Killed Edmund
  3195 | D:6      | Noticed Eustachio
  3218 | D:6      | Killed Eustachio
  3218 | D:6      | Reached skill level 5 in Earth Magic
  3218 | D:6      | Reached XP level 7. HP: 24/50 MP: 9/11
  3238 | D:5      | Entered Level 5 of the Dungeon
  3438 | D:5      | Found a staircase to the Ecumenical Temple.
  3498 | Temple   | Entered the Ecumenical Temple
  3724 | Temple   | Became a worshipper of Vehumet
  4139 | D:5      | Reached XP level 8. HP: 46/56 MP: 13/13
  4688 | D:4      | Noticed Blork the orc
  4700 | D:4      | Killed Blork the orc
  4700 | D:4      | Reached skill level 1 in Shields
  4963 | D:4      | Reached * piety under Vehumet
  4963 | D:4      | Offered knowledge of Shock by Vehumet.
  5117 | D:4      | DEFE: уже второй раз меняю бога лоло
  5117 | D:4      | DEFE: а еще не взял первую руну
  5117 | D:4      | DEFE: все
  5117 | D:4      | DEFE: рипер
  5117 | D:4      | DEFE: не простил
  5117 | D:4      | DEFE: я убегал от него
  5117 | D:4      | DEFE: не заметив слоу
  5117 | D:4      | DEFE: лол
  5117 | D:4      | DEFE: но это была веселая игра
  5117 | D:4      | DEFE: мне понравилось
  5117 | D:4      | ololoev: игра действительно веселая была
  5117 | D:4      | ololoev: и в целом ничего стремного от перехода между богами не было
  5117 | D:4      | ololoev: если внимательно играть
  5529 | D:3      | Found an iron altar of Okawaru.
  5594 | D:3      | DEFE: реально стремно кидать трога
  5594 | D:3      | DEFE: в раней игре
  5594 | D:3      | DEFE: Еще аш
  5594 | D:3      | DEFE: ну и ока
  5594 | D:3      | DEFE: у остальных вроде не особо злобный гнев
  5594 | D:3      | DEFE: для мидгейма
  5605 | D:3      | ololoev: лугону фигово
  5605 | D:3      | ololoev: бананиш не очень приятен
  5845 | D:3      | Offered knowledge of Magic Dart by Vehumet.
  5880 | D:3      | Reached ** piety under Vehumet
  6035 | D:3      | Reached skill level 5 in Spellcasting
  6489 | D:6      | Noticed a troll
  6702 | D:6      | Reached skill level 5 in Short Blades
  6747 | D:6      | Killed a troll
  6892 | D:6      | Found a runed door.
  6896 | D:6      | Noticed Crazy Yiuf
  6897 | D:6      | Killed Crazy Yiuf
  6911 | D:6      | Got a crystal mace
  7012 | D:6      | Found a glowing silver altar of Zin.
  7159 | D:6      | Reached XP level 9. HP: 55/61 MP: 15/15
  7180 | D:6      | Found Gelil's Gadget Boutique.
  7186 | D:6      | Bought a wand of digging (6) for 200 gold pieces
  7281 | D:6      | Found a deep blue altar of Sif Muna.
  7443 | D:7      | Offered knowledge of Dazzling Spray by Vehumet.
  7787 | D:7      | DEFE: а лугону да
  7794 | D:7      | DEFE: ну это редко когда его дропаешь
  7806 | D:7      | DEFE: его что взять постараться надо
  7806 | D:7      | DEFE: лол
  7819 | D:7      | ololoev: ох е
  7819 | D:7      | DEFE: дизинтегром
  7819 | D:7      | ololoev: ты это видел
  7819 | D:7      | DEFE: ага
  7819 | D:7      | DEFE: электротопор
  7819 | D:7      | DEFE: не шутка
  7819 | D:7      | ololoev: обычный орк одним ударом уделал вориора
  7820 | D:7      | DEFE: ??orc warrior
  7820 | D:7      | beem: orc warrior[1/1]: Very much more of a melee threat than a regular orc, especially when first encountered. Tends to spawn with a good weapon and good armour and a good ability to use both, potentially beyond one's own when first met.
  7825 | D:7      | DEFE: @?orc warrior
  7825 | D:7      | beem: orc warrior (o)
                  | Spd:
    10 | HD: 4    | HP: 23-33
                  | AC/EV: 9/10
                  | Dam: 20
                  | weapons, items, doors, fighter
                  | Res: magic(20)
                  | XP:
   133 | Sz: Medium | Int: human.
  7828 | D:7      | DEFE: 23-33
  7836 | D:7      | DEFE: ??elec
  7836 | D:7      | beem: electrocution[1/1]: Weapon brand that causes your weapon to blast your target with an explosion of sparks on 1 out of every 3 hits, doing 7+1d13 additional damage (which ignores AC). Does not work on targets with rElec.
  7866 | D:7      | DEFE: @?ork
  7866 | D:7      | beem: unknown monster: "ork"
  7866 | D:7      | DEFE: @?orc
  7866 | D:7      | beem: orc (o)
                  | Spd:
    10 | HD: 1    | HP: 5-8
                  | AC/EV: 1/9
                  | Dam: 5
                  | weapons, items, doors
                  | XP:
     3 | Sz: Medium | Int: human.
  7869 | D:7      | Learned a level 2 spell: Blink
  7873 | D:7      | Learned a level 3 spell: Mephitic Cloud
  7873 | D:7      | DEFE: ну и от топора урон
  7892 | D:7      | Got an ancient quarterstaff
  7893 | D:7      | DEFE: ??hand axe
  7898 | D:7      | beem: hand axe[1/1]: (axes; +3 acc / 7 dam / 1.3 base delay / 0.6 min delay). A small axe.
  7898 | D:7      | Identified the cursed +1 quarterstaff "Guasosk" {freeze, rElec SInv} (You found it on level 7 of the Dungeon)
  7899 | D:7      | DEFE: 33
  7900 | D:7      | DEFE: максимальный урон что он мог нанести
  7910 | D:7      | DEFE: как раз под максимум зитов варриора
  8074 | D:7      | Reached *** piety under Vehumet
  8138 | D:7      | Reached skill level 1 in Poison Magic
  8307 | D:7      | Reached skill level 1 in Conjurations
  8307 | D:7      | Reached skill level 1 in Air Magic
  8668 | D:7      | Found a basalt altar of Yredelemnul.
  9009 | D:8      | Learned a level 3 spell: Conjure Flame
  9018 | D:8      | Found a blossoming altar of Fedhas.
  9117 | D:8      | Noticed Gastronok
  9118 | D:8      | ololoev: эх
  9118 | D:8      | ololoev: опять без шапки своей
  9142 | D:8      | DEFE: я бы не рискнул напяливать шапку
  9144 | D:8      | DEFE: без бот скорости
  9145 | D:8      | DEFE: на таком гуле
  9154 | D:8      | DEFE: у него ХД высокий
  9158 | D:8      | DEFE: он не мефитится
  9162 | D:8      | DEFE: ??gastarnok
  9162 | D:8      | beem: gastarnok ~ gastronok[1/8]: A greedy elephant slug who ate a wizard for lunch and now casts spells! Casts airstrike, spammals, swiftness, slow, and 'slugform'-flavoured cantrip. You feel sluggish! He's even smart enough to open doors! HD 20 means he has a 95% chance of just ignoring your mephitic clouds. Has a hat, sometimes the {hat of pondering}.
  9168 | D:8      | DEFE: @?gastarnok
  9173 | D:8      | beem: unknown monster: "gastarnok"
  9184 | D:8      | DEFE: @?gastranok
  9184 | D:8      | ololoev: @??gastronok
  9184 | D:8      | beem: unknown monster: "gastranok"
  9184 | D:8      | beem: Gastronok (w)
                  | Spd:
     5 | HD: 20   | HP: 125-171
                  | AC/EV: 3/1
                  | Dam: 40
                  | items, doors, amphibious, spellcaster, see invisible
                  | Res: magic(80), drown
                  | Chunks: noxious
                  | XP: 2231
                  | Sp: cantrip, airstrike (0-50), sum.small mammal, slow, sprint
                  | Sz: Big
                  | Int: human.
  9184 | D:8      | DEFE: 20
  9390 | D:7      | DEFE: даже если замефитишь
  9392 | D:8      | DEFE: конфуз спадет очень быстро
  9392 | D:8      | ololoev: да
  9392 | D:8      | ololoev: у него еще 150хп
  9505 | D:9      | Reached XP level 10. HP: 62/68 MP: 9/18
  9515 | D:9      | Offered knowledge of Iskenderun's Mystic Blast by Vehumet.
  9515 | D:9      | Reached skill level 1 in Fire Magic
  9515 | D:9      | Reached skill level 1 in Evocations
  9755 | D:9      | Noticed a two-headed ogre
  9798 | D:9      | Killed a two-headed ogre
 10352 | D:10     | Entered Level 10 of the Dungeon
 10390 | D:10     | Noticed a two-headed ogre
 10397 | D:10     | Killed a two-headed ogre
 10456 | D:10     | Learned a level 4 spell: Petrify
 10659 | D:10     | Reached skill level 5 in Stealth
 10772 | D:10     | Reached **** piety under Vehumet
 11014 | D:11     | Reached XP level 11. HP: 51/74 MP: 20/20
 11062 | D:11     | Noticed a two-headed ogre
 11076 | D:11     | Killed a two-headed ogre
 11211 | D:11     | Offered knowledge of Inner Flame by Vehumet.
 11215 | D:11     | Noticed a purple ugly thing
 11230 | D:11     | Killed a purple ugly thing
 11274 | D:11     | Found a staircase to the Lair.
 11357 | D:11     | Found Obofieneh's Food Boutique.
 11551 | D:11     | Found Gofetuc's Book Shop.
 11560 | D:11     | ololoev: опа книга фаера
 11560 | D:11     | ololoev: иммолейт импрувд обеспечен
 11603 | D:11     | Found a staircase to the Orcish Mines.
 11628 | D:11     | Noticed Erolcha
 11636 | D:11     | Killed Erolcha
 11748 | D:11     | Found Myerr's Book Shop.
 11756 | D:11     | ololoev: аннигиляции
 11756 | D:11     | ololoev: найс
 11935 | D:11     | Found Juypuc's Magic Scroll Emporium.
 11938 | D:11     | Bought a scroll of torment for 120 gold pieces
 11938 | D:11     | Bought a scroll of holy word for 120 gold pieces
 11938 | D:11     | Bought a scroll of silence for 120 gold pieces
 11938 | D:11     | Bought a scroll of amnesia for 56 gold pieces
 11938 | D:11     | Bought 3 scrolls of identify for 96 gold pieces
 12014 | D:11     | Found Vemavuneick's Food Shoppe.
 12068 | D:12     | Reached skill level 10 in Earth Magic
 12085 | D:12     | Noticed a two-headed ogre
 12086 | D:12     | Noticed a two-headed ogre
 12096 | D:11     | DEFE: правильные книги находишь
 12191 | D:12     | ololoev: так
 12191 | D:12     | ololoev: шабаш огров
 12193 | D:12     | Killed a two-headed ogre
 12214 | D:12     | Killed a two-headed ogre
 12269 | D:12     | Reached skill level 5 in Fire Magic
 12283 | D:12     | Reached ***** piety under Vehumet
 12338 | D:12     | Offered knowledge of Iron Shot by Vehumet.
 12363 | D:12     | Learned a level 6 spell: Iron Shot
 12712 | D:12     | Reached skill level 5 in Conjurations
 12871 | D:12     | Noticed a two-headed ogre
 12881 | D:12     | Killed a two-headed ogre
 12881 | D:12     | Reached skill level 5 in Evocations
 12881 | D:12     | Reached XP level 12. HP: 81/81 MP: 16/22
 12970 | Orc:1    | Entered Level 1 of the Orcish Mines
 12970 | Orc:1    | Found Otunuky's Antique Weapon Shoppe.
 12992 | Orc:1    | Found Fyroimom's Armour Boutique.
 13086 | Orc:1    | Found a dark tunnel.
 13093 | Volcano  | Entered a volcano
 13109 | Volcano  | Noticed a centaur warrior
 13111 | Volcano  | Killed a centaur warrior
 13159 | Volcano  | Noticed a red draconian
 13202 | Volcano  | Found a bloodstained altar of Trog.
 13251 | Volcano  | Killed a red draconian
 13607 | Orc:1    | Reached skill level 1 in Translocations
 13644 | Orc:1    | Noticed an orc high priest
 13653 | Orc:1    | Killed an orc high priest
 13677 | Orc:1    | Found Woep's Antique Weapon Boutique.
 14061 | Orc:1    | Found a roughly hewn altar of Beogh.
 14246 | Orc:1    | Offered knowledge of Bolt of Magma by Vehumet.
 14254 | Orc:1    | ololoev: ??bolt of magma
 14254 | Orc:1    | beem: bolt of magma[1/2]: 55% resistible (by rF) L5 Conj/Fire/Earth bolt spell. Range 5. To-hit: 8+power/25.
 14430 | Orc:2    | Entered Level 2 of the Orcish Mines
 14430 | Orc:2    | Noticed an ogre mage
 14431 | Orc:2    | DEFE: что ты ищешь?
 14431 | Orc:2    | ololoev: третью лестницу вниз
 14431 | Orc:2    | DEFE: вот она
 14431 | Orc:2    | DEFE: лол
 14434 | Orc:2    | Noticed a two-headed ogre
 14434 | Orc:2    | Killed an ogre mage
 14437 | Orc:2    | Noticed a two-headed ogre
 14437 | Orc:2    | Noticed a stone giant
 14439 | Orc:1    | DEFE: камнегигант
 14526 | Orc:2    | Found a staircase to the Elven Halls.
 14526 | Orc:2    | Found Seuxeot's Gadget Emporium.
 14527 | Orc:2    | DEFE: похоже сейчас в орках гарантирован гигант или еттин
 14528 | Orc:2    | DEFE: хорошо ъоть не титан
 14528 | Orc:2    | ololoev: @??stone giant
 14528 | Orc:2    | beem: stone giant (C)
                  | Spd:
    10 | HD: 16   | HP: 73-102
                  | AC/EV: 12/2
                  | Dam: 45
                  | items, doors
                  | Res: magic(80), drown
                  | XP:
  1422 | Sz: Giant | Int: human.
 14528 | Orc:2    | Found Hagre's Jewellery Boutique.
 14528 | Orc:2    | Noticed a two-headed ogre
 14529 | Orc:2    | Noticed a two-headed ogre
 14529 | Orc:2    | Noticed a two-headed ogre
 14529 | Orc:2    | DEFE: о и циклоп
 14530 | Orc:2    | Noticed a two-headed ogre
 14531 | Orc:2    | DEFE: в довесок
 14532 | Orc:2    | Noticed a two-headed ogre
 14532 | Orc:2    | Noticed an ogre mage
 14540 | Orc:1    | ololoev: короче я пошел
 14668 | Lair:1   | Entered Level 1 of the Lair of Beasts
 15526 | Lair:2   | Reached XP level 13. HP: 56/86 MP: 3/24
 15587 | Lair:2   | Learned a level 1 spell: Animate Skeleton
 15981 | Lair:2   | Reached skill level 1 in Necromancy
 16661 | Lair:3   | Noticed Fannar
 16717 | Lair:3   | Killed Fannar
 16796 | Lair:3   | Reached skill level 10 in Spellcasting
 16796 | Lair:3   | Reached XP level 14. HP: 93/93 MP: 25/27
 17373 | Lair:4   | Found a staircase to the Shoals.
 17594 | Lair:4   | DEFE: кентавр в леере
 17594 | Lair:4   | DEFE: надо же
 17601 | Lair:4   | DEFE: это он аж из д спустился?
 17601 | Lair:4   | ololoev: они шоалсы часто охраняют
 17601 | Lair:4   | DEFE: а точно
 17601 | Lair:4   | DEFE: и еще вольт есть
 17601 | Lair:4   | DEFE: с рекой
 17623 | Lair:4   | Offered knowledge of Orb of Destruction by Vehumet.
 17627 | Lair:4   | DEFE: оод
 17627 | Lair:4   | DEFE: нинужна
 17744 | Lair:4   | DEFE: шот получше
 17749 | Lair:4   | ololoev: у шота правда жалкий повер
 17749 | Lair:4   | ololoev: 4#
 17749 | Lair:4   | DEFE: я беру только если не завезли шота
 17749 | Lair:4   | DEFE: можно подумать у оод будет повер лучше
 17749 | Lair:4   | DEFE: с другой стороны на особо низком повере может оод и лучше
 17749 | Lair:4   | DEFE: за счет того что не промахивается
 17749 | Lair:4   | ololoev: ага
 17749 | Lair:4   | ololoev: шот мажет часто сейчас
 17751 | Lair:4   | Found a staircase to the Snake Pit.
 17906 | Lair:4   | DEFE: ага
 17909 | Lair:4   | DEFE: вольт с рекой
 17942 | Lair:4   | Found a radiant altar of Vehumet.
 18601 | Lair:5   | Reached skill level 10 in Fire Magic
 18879 | Lair:5   | Found a staircase to the Slime Pits.
 19375 | Lair:6   | Entered Level 6 of the Lair of Beasts
 19401 | Lair:6   | Reached XP level 15. HP: 99/99 MP: 16/29
 19613 | D:11     | Bought a book of Fire for 910 gold pieces
 19619 | D:11     | Learned a level 5 spell: Fireball
 19628 | D:11     | Learned a level 8 spell: Ignition
 19882 | Lair:6   | ololoev: вот это я понимаю бомбануло!
 20229 | Lair:6   | Offered knowledge of Bolt of Draining by Vehumet.
 20234 | Lair:6   | ololoev: кстати если ты с роф то ты уязвим к дыханию ледяного дрейка
 20579 | Lair:6   | Found a burning altar of Makhleb.
 21050 | Lair:6   | Mangled by an ice devil

Dungeon Overview and Level Annotations

Branches:
Dungeon (12/15)            Temple (1/1) D:5            Lair (6/6) D:11
 Shoals (0/4) Lair:4        Snake (0/4) Lair:4        Slime (0/5) Lair:5
    Orc (2/2) D:11            Elf (0/3) Orc:2

Altars:
Ashenzari
Cheibriados
Elyvilon
Fedhas
Hepliaklqana
Kikubaaqudgha
Makhleb
Okawaru
Qazlal
Ru
Sif Muna
Trog
Uskayaw
Vehumet
Wu Jian
Xom
Yredelemnul
Zin
The Shining One
Beogh

Shops:
D:6 }   D:11 :?%%:   Orc:1 ([(   Orc:2 }=

Annotations:
D:8 Gastronok


Message History

Aiming: Throw Flame
Press: ? - help, Shift-Dir - straight line, p - plant The ice devil hits you but does no damage.
Evoke which item? (* to show all) (? for menu, Esc to quit)
Aiming: Throw Flame
Press: ? - help, Shift-Dir - straight line, f - ice devil
Aim: an ice devil (almost dead)
The puff of flame hits the ice devil.
The ice devil is burned terribly!
You kill the ice devil!
Vehumet accepts your kill.
You feel your power returning.
Evoke which item? (* to show all) (? for menu, Esc to quit)
Aiming: Throw Flame
Press: ? - help, Shift-Dir - straight line, f - ice devil
Aim: an ice devil The puff of flame hits the ice devil.
The ice devil is burned terribly!
The ice devil is moderately wounded.
Evoke which item? (* to show all) (? for menu, Esc to quit)
Aiming: Throw Flame
Press: ? - help, Shift-Dir - straight line, f/p - ice devil
Aim: an ice devil (moderately wounded)
The puff of flame hits the ice devil.
The ice devil appears unharmed.
The ice devil is moderately wounded.
Evoke which item? (* to show all) (? for menu, Esc to quit)
Aiming: Throw Flame
Press: ? - help, Shift-Dir - straight line, f/p - ice devil
Aim: an ice devil (moderately wounded)
The puff of flame hits the ice devil.
The ice devil appears unharmed.
The ice devil is moderately wounded.
Evoke which item? (* to show all) (? for menu, Esc to quit)
Aiming: Throw Flame
Press: ? - help, Shift-Dir - straight line, f/p - ice devil
Aim: an ice devil (moderately wounded)
The puff of flame misses the ice devil.
Casting: Fireball (safe; 1% risk of failure)
Confirm with . or Enter, or press ? or * to list all spells.
Aiming: Fireball (safe; 1% risk of failure)
Press: ? - help, Shift-Dir - straight line, f - fungus, p - ice devil
Aim: a fungus (heavily damaged)
You feel a surge of power!
The fireball explodes!
The fireball engulfs the fungus.
You destroy the fungus!
The fireball engulfs the fungus.
The fungus is severely damaged.
The fireball engulfs the fungus.
You destroy the fungus!
The fireball engulfs the ice devil.
The ice devil is burned terribly!
The ice devil is moderately wounded.
You are near starving!
The ice devil hits you but does no damage.
Unknown command.
Unknown command.
Unknown command.
Unknown command.
Unknown command.
Unknown command.
Unknown command.
Unknown command.
Unknown command.
Evoke which item? (* to show all) (? for menu, Esc to quit)
Aiming: Throw Flame
Press: ? - help, Shift-Dir - straight line, f - ice devil
Aim: an ice devil (moderately wounded)
The puff of flame hits the ice devil.
The ice devil is burned terribly!
The ice devil is severely wounded.
You block the ice devil's attack.
Evoke which item? (* to show all) (? for menu, Esc to quit)
Aiming: Throw Flame
Press: ? - help, Shift-Dir - straight line, f/p - ice devil
Aim: an ice devil (severely wounded)
The puff of flame misses the ice devil.
The ice devil hits you! The ice devil freezes you!!
Evoke which item? (* to show all) (? for menu, Esc to quit)
Aiming: Throw Flame
Press: ? - help, Shift-Dir - straight line, f/p - ice devil
Aim: an ice devil (severely wounded)
The puff of flame hits the ice devil.
The ice devil is burned terribly!
The ice devil is almost dead.
The ice devil hits you! The ice devil freezes you!!
You die...

You could see an ice devil.

Vanquished Creatures
  A red draconian (Volcano)
  Erolcha (D:11)
  8 hydras
  A catoblepas (Lair:6)
  A centaur warrior (Volcano)
  6 two-headed ogres
  9 death yaks
  An ogre mage (Orc:2)
  A sun demon (Lair:6)
  An orc high priest (Orc:1)
  A deep troll (Orc:2)
  A wizard (Lair:6)
  An ugly thing (D:11)
  An orc sorcerer (Orc:1)
  6 black mambas
  5 elephants
  7 spiny frogs
  A torpor snail (Lair:6)
  A gargoyle (D:11)
  A yaktaur (Volcano)
  4 rime drakes (Lair:6)
  4 ice devils (Lair:6)
  8 komodo dragons
  A red devil (Lair:6)
  3 trolls
  8 blink frogs
  A hornet (D:12)
  10 hippogriffs
  7 dream sheep (Lair:4)
  2 wyverns
  39 yaks
  Eustachio (D:6)
  A hungry ghost (D:10)
  Edmund (D:6)
  7 nagas (Lair:4)
  11 water moccasins
  4 wargs
  4 hell hounds (Lair:6)
  12 porcupines
  4 ice beasts
  5 black bears
  8 orc warriors
  A sky beast (D:7)
  11 ogres
  19 centaurs
  3 wolves (Lair:1)
  13 crocodiles
  Blork the orc (D:4)
  6 big kobolds
  12 bullfrogs
  2 wyvern skeletons
  4 scorpions
  8 wights
  4 killer bees (D:10)
  A howler monkey (D:11)
  An electric eel (Lair:1)
  7 crimson imps
  3 centaur zombies
  3 jellies
  A quasit (D:12)
  A bullfrog zombie (D:11)
  2 centaur skeletons
  12 orc priests
  10 hounds
  10 orc wizards
  2 bullfrog skeletons
  Crazy Yiuf (D:6)
  4 iguanas
  6 worker ants
  A hound zombie (D:8)
  A worker ant zombie (D:9)
  9 gnolls
  A howler monkey zombie (D:5)
  18 adders
  5 shadow imps
  3 oozes (D:3)
  An adder zombie (D:6)
  5 worms
  2 dart slugs
  5 leopard geckos
  44 orcs
  6 bats
  5 giant cockroaches
  14 goblins
  19 hobgoblins
  10 jackals
  2 quokkas (D:6)
  A ball python (D:2)
  4 frilled lizards
  A jackal skeleton (D:9)
  A jackal zombie (D:7)
  63 kobolds
  5 rats
  4 fungi
  A plant (Lair:6)
579 creatures vanquished.

Vanquished Creatures (collateral kills)
  Fannar (Lair:3)
  A death yak (Lair:5)
  5 elephants (Lair:5)
  A spiny frog (Lair:5)
  A komodo dragon (Lair:5)
  A yaktaur (Volcano)
  2 basilisks
  A naga (Lair:4)
  An orc warrior (Orc:1)
  An ogre (Orc:2)
  2 orcs (D:7)
  2 plants
19 creatures vanquished.

Vanquished Creatures (others)
  A two-headed ogre (Orc:2)
  2 death yaks (Lair:5)
  A spiny frog (Lair:1)
  A komodo dragon (Lair:5)
  A hippogriff (D:10)
  An orc warrior (D:7)
  An orc (D:7)
  28 fungi
  18 plants
54 creatures vanquished.

Grand Total: 652 creatures vanquished

Action                   |  1- 3 |  4- 6 |  7- 9 | 10-12 | 13-15 || total
-------------------------+-------+-------+-------+-------+-------++-------
Melee: Dagger            |    84 |    89 |   536 |   202 |    93 ||  1004
 Cast: Sandblast         |     7 |     8 |   108 |   348 |   207 ||   678
       Lee's Rapid Decon |       |       |     8 |    42 |    75 ||   125
       Passwall          |       |       |     1 |     1 |       ||     2
       Mephitic Cloud    |       |       |     4 |    57 |    41 ||   102
       Conjure Flame     |       |       |     1 |     8 |       ||     9
       Petrify           |       |       |       |     3 |       ||     3
       Blink             |       |       |       |     2 |     3 ||     5
       Iron Shot         |       |       |       |       |    34 ||    34
       Animate Skeleton  |       |       |       |       |    22 ||    22
       Fireball          |       |       |       |       |    40 ||    40
Evoke: Wand              |       |     5 |    16 |    34 |    27 ||    82
  Use: Scroll            |       |       |     8 |    13 |     9 ||    30
       Potion            |       |       |     1 |     1 |     2 ||     4
 Stab: Sleeping          |     4 |     1 |     4 |     3 |     1 ||    13
       Paralysed         |       |       |       |     2 |       ||     2
       Confused          |       |       |       |     9 |     1 ||    10
       Invisible         |       |       |       |       |     1 ||     1
  Eat: Chunk             |    13 |    16 |    92 |    98 |    75 ||   294
       Ration            |       |       |       |       |     3 ||     3
Armor: Robe              |    19 |    17 |    81 |    26 |       ||   143
       Leather armour    |       |       |       |    32 |    59 ||    91
Dodge: Dodged            |    57 |    76 |   338 |   131 |   107 ||   709
Block: Buckler           |       |       |    37 |    50 |    45 ||   132

Vault maps used:
D:1:      roderic_octagonal_star
D:2:      cheibrodos_greedy_goblins
D:3:      minmay_goblin_kobold_castle, nicolae_overflow_hidden_temple
D:4:      uniq_blork_the_orc
D:5:      lemuel_ice_spiral_2, minmay_temple_entry_water_ring, first_ration,
          grunt_ministairs_3
D:6:      zin_statuary, lemuel_blue_sif_altar, grunt_qazlal_clouds,
          serial_shops, nicolae_shop_temple_entry_statues_fountains,
          uniq_crazy_yiuf_cottage, uniq_edmund, uniq_eustachio
D:7:      lemuel_coloured_pillars_altar, grunt_ogre_cave, nrook_uturn
D:8:      gammafunk_temple_overflow_claw, lemuel_crystal_altar,
          minmay_hedge_maze, kennysheep_generic_room_8, uniq_gastronok
D:9:      minmay_splitting_lines
D:11:     due_lair_maze_entry_diamond, david_orc_1_choice, serial_shops,
          nicolae_shop_behind_doors, shop_statue, shop,
          nicolae_shop_statue_plus, kennysheep_mini, uniq_erolcha
Temple:   nicolae_temple_figure_eight
Lair:1:   lemuel_fruit_fields, serial_bayou_shore_a, grunt_megastairs_5
Lair:2:   grunt_megastairs_3
Lair:3:   minivault_27, uniq_fannar
Lair:4:   minmay_shoals_entry_centaurs, minmay_snake_entry_guardpost_medium,
          eino_small_chamber_without_monster, lemuel_centaur_altar,
          serial_bayou_shore_b
Lair:5:   dpeg_slime_entry_corner
Lair:6:   evil_forest
Orc:1:    serial_shops, nicolae_shop_crystal, nicolae_shop_window_shopping,
          nicolae_shop_crystal, enter_volcano_4, minmay_orc_temple_a
Orc:2:    st_orc_open, basic_altar, lemuel_statue_altar
Volcano:  kennysheep_volcano_temple
